 Dungeon Crawl Stone Soup version 0.30-a0-3-gc9032a9cac (webtiles) character file.

Game seed: 1778809661356270900

8 BritishOli the Trooper (level 2, 15/24 HPs)
             Began as a Demonspawn Fighter on Aug 20, 2022.
             Got out of the dungeon alive.
             The game lasted 00:00:16 (108 turns).

BritishOli the Trooper (Demonspawn Fighter)          Turns: 108, Time: 00:00:17

Health: 15/24      AC:  6    Str: 16    XL:     2   Next: 0%
Magic:  2/2        EV:  8    Int:  9    God:
Gold:   0          SH:  4    Dex: 12    Spells: 1/1 levels left

rFire   . . .      SeeInvis .    a - +0 long sword
rCold   . . .      Faith    .    c - +0 buckler
rNeg    . . .      Spirit   .    b - +0 scale mail
rPois   .          Reflect  .    (no helmet)
rElec   .          Harm     .    (no cloak)
rCorr   .          Rampage  .    (no gloves)
Will    .....                    (no boots)
Stlth   ..........               (no amulet)
HPRegen 0.08/turn                (no ring)
MPRegen 0.16/turn                (no ring)

@: no status effects
A: magic regeneration
a: no special abilities


You escaped.
You visited 1 branch of the dungeon, and saw 1 of its levels.

Inventory:

Hand Weapons
 a - a +0 long sword (weapon)
Armour
 b - a +0 scale mail (worn)
 c - a +0 buckler (worn)
Potions
 d - a potion of might


   Skills:
 + Level 3.1 Fighting
 + Level 2.0 Long Blades
 + Level 2.8 Armour
 + Level 2.8 Shields


You had one spell level left.
You didn't know any spells.
Your spell library was empty.

Dungeon Overview and Level Annotations

Branches:
Dungeon (1/15)

Altars:


Innate Abilities, Weirdness & Mutations

You regenerate magic rapidly.


Message History

The ball python is heavily wounded.
The ball python bites you but does no damage.
The ball python barely misses you. The jackal bites you.
The ball python barely misses you. The ball python grabs you.
The ball python constricts you. You block the jackal's attack.
There are monsters nearby!
You completely miss the ball python.
The ball python is heavily wounded.
The jackal bites you.
The ball python bites you but does no damage.
The ball python constricts you.
The jackal bites you but does no damage.
The ball python completely misses you. The ball python constricts you.
You completely miss the ball python.
The ball python is heavily wounded.
The jackal bites you.
The ball python bites you but does no damage.
The ball python constricts you. The jackal barely misses you.
You closely miss the ball python.
The ball python is heavily wounded.
The ball python bites you. The ball python constricts you.
You block the jackal's attack.
The ball python bites you but does no damage.
The ball python constricts you.
Unknown command.
You slash the ball python!
You kill the ball python!
The jackal closely misses you. The jackal misses you.
You slash the jackal!
You kill the jackal!
Your Long Blades skill increases to level 2!
You have reached level 2!
Your demonic ancestry asserts itself...
Your magic begins to regenerate rapidly.
You see here a dart slug corpse.
You see here a +0 short sword.
There is an open gate here.
There is a staircase leading out of the dungeon here.
Are you sure you want to leave the Dungeon?
This will make you lose the game!
You have escaped!

###############
#......@......#
#...........[.#
##...#####...##
........ #...## ##...#
.......#####...#
#...##
.........###...###...#
..........##...#...##
?.........#...#...#
##.#.... ###.....##


There were no monsters in sight!

Vanquished Creatures
  A dart slug (D:1)
  A ball python (D:1)
  3 jackals (D:1)
5 creatures vanquished.

Notes
Turn   | Place    | Note
-------+----------+-------------------------------------------
     0 | D:1      | BritishOli the Demonspawn Fighter began the quest for the
                  | Orb.
     0 | D:1      | Reached XP level 1. HP: 18/18 MP: 1/1
    81 | D:1      | Gained mutation: You regenerate magic rapidly. [demonic
                  | ancestry]
    81 | D:1      | Reached XP level 2. HP: 13/24 MP: 2/2
   108 | D:$      | Got out of the dungeon alive.

Illustrated notes

Levels and vault maps discovered:
D:1:      lemuel_arrival_funnel, layout_rooms, minmay_unequal

Skill      XL: |  1 |
---------------+----+-----
Long Blades    | 2 |  2.0
Fighting       | |  3.1
Armour         | |  2.8
Shields        | |  2.8

Action                   || total
-------------------------++-------
Melee: Long sword        ||    17
Armor: Scale mail        ||    18
Dodge: Dodged            ||    11
Block: Buckler           ||     8

Table legend: (Time is in decaauts)
 A = Elapsed time spent in this place.
 B = Non-inter-level travel time spent in this place.
 C = Inter-level travel time spent in this place.
 D = Time resting spent in this place.
 E = Time spent auto-exploring this place.
 F = Levels seen in this place.
 G = Mean time per level.
                   A        B        C        D        E       F      G
               +--------+--------+--------+--------+--------+-----+--------+
         Total |    113 |     87 |     26 |      0 |     53 |   1 |  113.0 |
       Dungeon |    113 |     87 |     26 |      0 |     53 |   1 |  113.0 |
               +--------+--------+--------+--------+--------+-----+--------+

Top non-repeatable levels by time:
     D:1: 113 daAuts
